 Dungeon Crawl Stone Soup version 0.18.1-50-g88ac8fd (webtiles) character file.

199 go0n the Chopper (level 5, -4/50 HPs)
             Began as a Deep Dwarf Fighter on Sept 29, 2016.
             Was an Initiate of the Shining One.
             Slain by an ogre
             ... wielding a +0 giant spiked club
              (24 damage)
             ... on level 3 of the Dungeon.
             The game lasted 00:08:15 (2501 turns).

go0n the Chopper (Deep Dwarf Fighter)               Turns: 2501, Time: 00:08:16

Health: -4/50      AC:  6    Str: 20    XL:     5   Next: 48%
Magic:  14/14      EV:  7    Int:  9    God:    the Shining One [......]
Gold:   187        SH:  9    Dex: 12    Spells: 0 memorised, 4 levels left

rFire  . . .     SeeInvis .     a - +0 war axe
rCold  . . .     Gourm    .     b - +0 scale mail
rNeg   . . .     Faith    .     c - +0 shield
rPois  .         Spirit   .     (no helmet)
rElec  .         Dismiss  .     (no cloak)
rCorr  .         Reflect  .     (no gloves)
SustAt .         Harm     .     (no boots)
MR     .....                    (no amulet)
Stlth  ..........               (no ring)
                                r - ring of magical power

@: non-regenerating, glowing, not resistant to hostile enchantments, extremely
unstealthy
A: damage resistance, recharge devices, sense surroundings 1, slow regeneration
3
a: Device Recharging, Renounce Religion


You were on level 3 of the Dungeon.
You worshipped the Shining One.
The Shining One was noncommittal.
You were not hungry.

You visited 1 branch of the dungeon, and saw 3 of its levels.

You collected 187 gold pieces.

Inventory:

Hand Weapons
 a - a +0 war axe (weapon)
 k - a +0 hand axe
 s - a +0 war axe
Armour
 b - a +0 scale mail (worn)
 c - a +0 shield (worn)
Magical Staves
 n - an uncursed staff of cold {unknown}
Jewellery
 r - a ring of magical power (left hand)
Wands
 e - a wand of heal wounds (7/9)
Scrolls
 h - 2 scrolls of recharging
 i - 3 scrolls of identify
 j - a scroll of fear {unknown}
 l - 2 scrolls of remove curse
 m - 2 scrolls of enchant armour
 o - a scroll of amnesia {unknown}
 q - a scroll of teleportation
Potions
 d - 2 potions of might
 p - a potion of curing
Comestibles
 f - 2 bread rations
 g - a beef jerky


   Skills:
 + Level 3.9 Fighting
 * Level 5.1 Axes
 - Level 3.2 Armour
 - Level 3.5 Shields


You had 4 spell levels left.
You didn't know any spells.

Dungeon Overview and Level Annotations

Branches:
Dungeon (3/15)

Altars:
Ashenzari
Dithmenos
Makhleb
Yredelemnul
Zin
The Shining One

Annotations:
D:3 go0n's ghost, amateur MiBe


Innate Abilities, Weirdness & Mutations

You are resistant to damage.
You can recharge devices by infusing magical energy.
You passively map a small area around you.
You do not regenerate naturally.


Message History

The ooze hits you. The ogre barely misses you.
The ooze hits you but does no damage.
You completely miss the ogre.
The ogre is heavily wounded.
You slash the ooze!
You kill the ooze!
The ogre hits you with a giant spiked club!!
You hit the ogre.
The ogre is heavily wounded.
The ogre barely misses you.
You barely miss the ogre.
The ogre is heavily wounded.
You block the ogre's attack.
You hit the ogre.
The ogre is severely wounded.
You block the ogre's attack.
You barely miss the ogre.
The ogre is severely wounded.
The ogre hits you with a giant spiked club!!
You die...

* *
*..###..#..... ,
#.###...# * #.#*
##... * ** #### ,
* ## #.#.# * *,
,,... , , #....#
, , ..# ,# ,
..#### * , #.#
.#*, # ,## *
#O##.## ,
....#####@#...#.#
,
.g..............#
*
###..##.#.#%..###
* ,
..........##.##
###..##.####.# *
#............#
#.#....†....## ,
. #.###.###.# *#
# #.# .#


You could see an ogre.

Vanquished Creatures
  An orc warrior (D:3)
  5 adders
  An ooze (D:3)
  A worm (D:3)
  2 dart slugs
  2 giant geckos
  A ball python (D:1)
  2 giant cockroaches
  6 goblins
  8 hobgoblins
  5 kobolds
  2 quokkas (D:2)
  9 bats
  A giant newt (D:2)
  4 rats
50 creatures vanquished.

Notes
Turn   | Place    | Note
--------------------------------------------------------------
     0 | D:1      | go0n the Deep Dwarf Fighter began the quest for the Orb.
     0 | D:1      | Reached XP level 1. HP: 20/20 MP: 1/1
   153 | D:1      | Reached XP level 2. HP: 27/27 MP: 2/2
   659 | D:2      | Reached skill level 3 in Axes
   659 | D:2      | Reached XP level 3. HP: 30/34 MP: 3/3
   661 | D:2      | Found a burning altar of Makhleb.
   671 | D:2      | Noticed a balrug
   776 | D:2      | Found a glowing silver altar of Zin.
   777 | D:2      | Noticed an angel
   916 | D:2      | Found a shattered altar of Ashenzari.
  1279 | D:2      | Found a basalt altar of Yredelemnul.
  1282 | D:2      | Found a shadowy altar of Dithmenos.
  1385 | D:2      | Reached XP level 4. HP: 28/42 MP: 4/4
  1703 | D:2      | Reached skill level 4 in Axes
  1925 | D:3      | Noticed go0n's ghost (amateur MiBe)
  2010 | D:3      | Noticed an orc warrior
  2015 | D:3      | Killed an orc warrior
  2015 | D:3      | Reached XP level 5. HP: 29/50 MP: 5/5
  2156 | D:3      | Reached skill level 5 in Axes
  2302 | D:3      | Found a glowing golden altar of the Shining One.
  2309 | D:3      | Became a worshipper of the Shining One
  2491 | D:3      | Noticed an ogre
  2501 | D:3      | Slain by an ogre

Skill      XL: |  1  2  3  4  5 |
---------------+----------------+-----
Fighting       | 3 |  3.9
Axes           | 3 4 5 |  5.1
Armour         | |  3.2
Shields        | |  3.5

Action                   |  1- 3 |  4- 6 || total
-------------------------+-------+-------++-------
Melee: War axe           |    16 |    58 ||    74
       Hand axe          |   123 |    13 ||   136
Evoke: Wand              |       |     1 ||     1
  Use: Scroll            |     3 |     3 ||     6
       Potion            |       |     3 ||     3
  Eat: Chunk             |     1 |     1 ||     2
       Bread ration      |       |     1 ||     1
Armor: Scale mail        |    68 |    30 ||    98
Dodge: Dodged            |    58 |    22 ||    80
Block: Shield            |    89 |    35 ||   124
